 Dungeon Crawl Stone Soup version 0.26-a0-1191-ge2a0e31ab3 (webtiles) character file.

Game seed: 7765551214132902005

9466 stormannn the Destroyer (level 11, -4/74 HPs)
             Began as a Demigod Conjurer on Dec 28, 2020.
             Shot with an arrow by a centaur (13 damage)
             ... on level 11 of the Dungeon.
             The game lasted 00:41:37 (13992 turns).

stormannn the Destroyer (Demigod Conjurer)         Turns: 13992, Time: 00:41:40

Health: -4/74      AC: 12    Str: 10    XL:     11   Next: 3%
Magic:  12/27      EV: 12    Int: 31    God:
Gold:   497        SH:  0    Dex: 14    Spells: 9/26 levels left

rFire    . . .     SeeInvis +   A - +2 bardiche (freeze)
rCold    + . .     Faith    .   (shield currently unavailable)
rNeg     . . .     Spirit   .   D - +0 steam dragon scales
rPois    .         Reflect  .   y - +2 helmet {SInv}
rElec    +         Harm     .   (no cloak)
rCorr    .         Rampage  .   t - +0 pair of gloves
Will     ++...                  n - +2 pair of boots {Stlth+}
Stlth    ++++......             (no amulet)
HPRegen  0.22/turn              z - ring of Eternal Harmony {rElec rC+ Will+ Int+3}
MPRegen  0.20/turn              r - ring of stealth

@: swift, studying Armour, very quick
A: high mp 1
a: no special abilities


You were on level 11 of the Dungeon.
You visited 1 branch of the dungeon, and saw 11 of its levels.
You also visited: Bailey.

You collected 707 gold pieces.
You spent 210 gold pieces at shops.

Inventory:

Hand Weapons
 j - a +1 spear of venom
 A - a +2 bardiche of freezing (weapon)
 C - a +0 scimitar of flaming
Armour
 n - a +2 pair of boots of stealth (worn)
 t - a +0 pair of gloves (worn)
 x - a +2 leather armour of positive energy
 y - a +2 helmet of see invisible (worn)
 D - +0 steam dragon scales (worn)
Jewellery
 r - a ring of stealth (right hand)
 z - the ring of Eternal Harmony (left hand) {rElec rC+ Will+ Int+3}
   (You acquired it on level 9 of the Dungeon)

   [ring of protection from cold]

   It affects your intelligence (+3).
   It protects you from cold.
   It insulates you from electricity.
   It affects your willpower, your defense against some magical effects.
Wands
 v - a wand of acid (5)
 E - a wand of paralysis (15)
Scrolls
 b - 3 scrolls of amnesia
 c - 3 scrolls of identify
 f - a scroll of blinking
 g - 4 scrolls of teleportation
 o - 2 scrolls of enchant weapon
 q - a scroll of fear
 B - a scroll of magic mapping
 F - a scroll of holy word {unknown}
 H - a scroll of remove curse
Potions
 a - 2 potions of flight {unknown}
 d - 4 potions of degeneration {unknown}
 e - 2 potions of curing {unknown}
 h - 3 potions of might {unknown}
 i - a potion of magic {unknown}
 k - 3 potions of lignification
 l - a potion of berserk rage {unknown}
 m - a potion of haste {unknown}
 p - a potion of ambrosia {unknown}
 u - 2 potions of attraction {unknown}
 G - a potion of cancellation {unknown}
Books
 w - a manual of Armour


   Skills:
 - Level 1.7 Dodging
 - Level 1.7 Stealth
 + Level 8.4 Spellcasting
 * Level 12.8 Conjurations
 - Level 4.0 Hexes
 + Level 1.6 Air Magic


You had 9 spell levels left.
You knew the following spells:

 Your Spells              Type           Power        Failure   Level
a - Magic Dart            Conj           100%         1%          1
b - Searing Ray           Conj           100%         1%          2
c - Fulminant Prism       Conj/Hex       30%          1%          4
d - Static Discharge      Conj/Air       55%          1%          3
e - Lightning Bolt        Conj/Air       27%          5%          5
f - Swiftness             Air            23%          3%          2

Your spell library contained the following spells:

 Spells                   Type           Power        Failure   Level
 Shock                    Conj/Air       100%         1%          1
 Dazzling Flash           Conj/Hex       100%         1%          3
 Iskenderun's Mystic Bla  Conj/Tloc      52%          2%          4
 Airstrike                Air            11%          21%         4


Dungeon Overview and Level Annotations

Branches:
Dungeon (11/15)            Temple (0/1) D:6            Lair (0/6) D:10
    Orc (0/2) D:10         Bailey (visited)

Shops:
D:4 [}[(

Annotations:
D:5 1 transporter, LufLufFighter's ghost, novice MfTm


Innate Abilities, Weirdness & Mutations

You have an increased reservoir of magic. (+10% MP)


Message History

* * * LOW HITPOINT WARNING * * *
You see here an arrow.
The centaur shoots an arrow.
The arrow barely misses you.
The centaur shoots an arrow.
The arrow hits you.
* * * LOW HITPOINT WARNING * * *
You see here an arrow.
The centaur shoots an arrow.
The arrow misses you.
The centaur shoots an arrow.
The arrow hits you but does no damage.
The centaur wields a +0 shortbow.
The centaur shoots an arrow.
The arrow hits you!
* * * LOW HITPOINT WARNING * * *
You see here 2 arrows.
Okay, then.
You feel much better.
The centaur shoots an arrow.
The arrow closely misses you.
A shadow comes into view.
The centaur shoots an arrow.
The arrow hits you!
* * * LOW HITPOINT WARNING * * *
The centaur shoots an arrow.
The arrow hits you!
You die...

#################
............((..########
#..c.(.(.@.......<..#
#.Wc########.######.#
##(## #.# #.# #(## #.#
#.# #..# #.######.###
##.# #..........#
$.ccB[)....#
#####......##
..BccS#.##.# #.##.).)#
.O.##c#.# # #.####..#


You could see a shadow and 2 centaurs.

Vanquished Creatures
  A two-headed ogre (D:10)
  Pikel (D:6)
  An elephant (D:10)
  A gargoyle (D:11)
  Joseph (D:7)
  Maggie (D:9)
  A troll (D:10)
  2 basilisks (D:10)
  A yak (D:10)
  A warg (D:10)
  A water moccasin (D:8)
  2 ice beasts
  2 black bears (D:7)
  2 sky beasts (D:7)
  15 orc warriors
  A necrophage (D:9)
  7 ogres
  2 lemures (D:6)
  14 centaurs
  2 big kobolds
  5 bullfrogs
  A gnoll sergeant (D:6)
  4 scorpions
  A water moccasin skeleton (D:6)
  3 wights (D:10)
  4 howler monkeys (D:9)
  A crimson imp (D:3)
  A quasit (D:8)
  4 hounds
  8 orc priests
  2 bullfrog skeletons
  7 orc wizards
  4 centaur skeletons
  3 iguanas
  4 worker ants
  13 gnolls
  7 adders
  A shadow imp (D:9)
  3 white imps
  2 ufetubi (D:6)
  2 oozes (D:3)
  2 adder skeletons
  A worm (D:2)
  2 dart slugs
  3 leopard geckos
  51 orcs
  5 giant cockroaches
  2 hobgoblins
  6 jackals
  13 kobolds
  3 quokkas
  A ball python (D:6)
  3 bats
  2 frilled lizards
  11 goblins
  A quokka zombie (D:6)
  4 rats
249 creatures vanquished.

Vanquished Creatures (others)
  12 fulminant prisms
  A fungus (D:10)
  A plant (D:10)
14 creatures vanquished.

Grand Total: 263 creatures vanquished

Notes
Turn   | Place    | Note
-------+----------+-------------------------------------------
     0 | D:1      | stormannn the Demigod Conjurer began the quest for the Orb.
     0 | D:1      | Reached XP level 1. HP: 14/14 MP: 5/5
   692 | D:1      | Reached XP level 2. HP: 20/20 MP: 2/7
   822 | D:2      | Found a snail-covered altar of Cheibriados.
   855 | D:2      | Reached skill level 4 in Conjurations
  1339 | D:2      | Found a sacrificial altar of Ru.
  1457 | D:2      | Learned a level 2 spell: Searing Ray
  1481 | D:2      | Reached XP level 3. HP: 26/26 MP: 2/9
  2195 | D:3      | Reached XP level 4. HP: 29/33 MP: 4/10
  2356 | D:3      | Found a snail-covered altar of Cheibriados.
  2471 | D:3      | Reached skill level 5 in Conjurations
  2659 | D:3      | Found a shimmering altar of Xom.
  2659 | D:3      | Found a burning altar of Makhleb.
  2741 | D:3      | Found a stormy altar of Qazlal.
  2745 | D:3      | Found an iron altar of Okawaru.
  2746 | D:3      | Found a radiant altar of Vehumet.
  2747 | D:3      | Found a bloodstained altar of Trog.
  2748 | D:3      | Found an ornate altar of the Wu Jian Council.
  2751 | D:3      | Found a white marble altar of Elyvilon.
  2752 | D:3      | Found a glowing silver altar of Zin.
  2866 | D:3      | Reached XP level 5. HP: 38/38 MP: 10/12
  3278 | D:4      | Found Ebaomics's Gadget Emporium.
  3419 | D:4      | Found Kiehun's Weapon Boutique.
  3454 | D:4      | Found Sysepoag's Antique Armour Emporium.
  3747 | D:4      | Found Xeadot's Antique Armour Boutique.
  4007 | D:4      | Reached skill level 6 in Conjurations
  4181 | D:4      | Reached XP level 6. HP: 45/45 MP: 11/14
  4446 | D:4      | Found an iron altar of Okawaru.
  4659 | D:4      | Bought a glowing helmet for 210 gold pieces
  4697 | D:5      | Entered Level 5 of the Dungeon
  4871 | D:5      | Found a transporter.
  4871 | D:5      | Noticed LufLufFighter's ghost (novice MfTm)
  5171 | D:5      | Reached skill level 7 in Conjurations
  5171 | D:5      | Reached XP level 7. HP: 50/50 MP: 9/16
  5587 | D:5      | Noticed a water elemental
  5589 | D:5      | Found a stormy altar of Qazlal.
  5590 | D:5      | Noticed an air elemental
  5590 | D:5      | Noticed a fire elemental
  5931 | D:6      | Reached skill level 8 in Conjurations
  6137 | D:6      | Found a staircase to the Ecumenical Temple.
  6328 | D:6      | Reached XP level 8. HP: 57/57 MP: 12/18
  6330 | D:6      | Reached skill level 1 in Hexes
  6418 | D:6      | Reached skill level 5 in Spellcasting
  7033 | D:6      | Reached skill level 9 in Conjurations
  7277 | D:7      | Noticed Pikel
  7348 | D:6      | Learned a level 4 spell: Fulminant Prism
  7425 | D:6      | Killed Pikel
  7570 | D:7      | Reached XP level 9. HP: 62/62 MP: 14/21
  7619 | D:7      | Noticed Joseph
  7628 | D:7      | Killed Joseph
  7773 | D:7      | Reached skill level 10 in Conjurations
  7898 | D:7      | Found a white marble altar of Elyvilon.
  8383 | D:8      | Found an opulent altar of Gozag.
  8598 | D:8      | Found a glowing golden altar of the Shining One.
  8603 | D:8      | Found a basalt altar of Yredelemnul.
  8605 | D:8      | Noticed a profane servitor
  9218 | D:8      | Noticed an angel
  9280 | D:9      | Noticed Maggie
  9487 | D:9      | Found a flagged portal.
  9504 | Bailey   | Entered a bailey
  9521 | Bailey   | Reached skill level 11 in Conjurations
 10141 | Bailey   | Reached XP level 10. HP: 46/69 MP: 18/24
 11610 | D:9      | Found a snail-covered altar of Cheibriados.
 11768 | D:9      | Reached skill level 12 in Conjurations
 11775 | D:9      | Killed Maggie
 11930 | D:9      | Learned a level 3 spell: Static Discharge
 11936 | D:9      | Learned a level 5 spell: Lightning Bolt
 11939 | D:9      | Learned a level 2 spell: Swiftness
 12318 | D:9      | Identified a scroll of acquirement
 12318 | D:9      | Acquired the ring of Eternal Harmony {rElec rC+ Will+
                  | Int+3}
 12324 | D:10     | Entered Level 10 of the Dungeon
 12387 | D:10     | Found a staircase to the Lair.
 12387 | D:10     | Noticed an elephant
 12559 | D:10     | Noticed a two-headed ogre
 12566 | D:10     | Killed a two-headed ogre
 12865 | D:10     | Killed an elephant
 13070 | D:10     | Reached skill level 1 in Air Magic
 13314 | D:10     | Got a silken robe
 13315 | D:10     | Identified the cursed +0 robe "Toubb" {+Inv rN+ Dex+3} (You
                  | found it on level 10 of the Dungeon)
 13529 | D:10     | Found a staircase to the Orcish Mines.
 13690 | D:10     | Got a steaming scale mail
 13693 | D:10     | Identified the cursed +0 scale mail "Batame" {rN+} (You
                  | found it on level 10 of the Dungeon)
 13891 | D:11     | Reached XP level 11. HP: 74/74 MP: 20/27
 13978 | D:11     | Noticed a boulder beetle
 13978 | D:11     | Noticed a boulder beetle
 13980 | D:11     | Noticed a two-headed ogre
 13991 | D:11     | HP: 3/74 [centaur/arrow (11)]
 13992 | D:11     | Shot with an arrow by a centaur

Illustrated notes

Levels and vault maps discovered:
D:1:      minmay_arrival_shoal_huts, layout_basic, hangedman_decor_growths
D:2:      layout_basic, lemuel_crystal_altar, nicolae_ru_the_path_less_chosen
D:3:      layout_loops_ring, grunt_temple_overflow_champion_of_chaos,
          minitemple, minmay_misc_feat_rugged, cheibriados_altar_1
D:4:      layout_layer_cave, serial_shops, kennysheep_little_box,
          nicolae_shop_waterfront, shop, nicolae_shop_waterfront,
          nrook_mini_vaults, kennysheep_okawaru_gauntlet
D:5:      layout_cave_pools, gammafunk_ghost_smash,
          nicolae_qazlal_style_of_elements
D:6:      minmay_evil_eye, layout_rooms, minmay_temple_entry_proselytizer
D:7:      layout_rooms, elyvilon_altar_3, uniq_pikel, uniq_joseph
D:8:      layout_rooms, grunt_temple_overflow_holy_war,
          nicolae_gozag_seed_capital
D:9:      layout_basic, basic_altar, enter_bailey_5, uniq_maggie
D:10:     layout_rooms, david_lair_generic, david_orc_3, serial_glass,
          glass_columns_a, glass_columns_a, glass_columns_c, glass_columns_a
D:11:     minmay_wavy_crystal, layout_loops_ring, uniq_grum, uniq_harold

Skill      XL: |  1  2  3  4  5  6  7  8  9 10 |
---------------+-------------------------------+-----
Spellcasting   | 2 3 4 5 7 8 |  8.4
Conjurations   | 4 5 6 7 8 9 11 12 | 12.8
Hexes          | 3 4 |  4.0
Air Magic      | 1 |  1.6
Dodging        | |  1.7
Stealth        | |  1.7

Action                   |  1- 3 |  4- 6 |  7- 9 | 10-12 || total
-------------------------+-------+-------+-------+-------++-------
Melee: Mace              |       |     3 |       |       ||     3
       Spear             |       |       |     6 |       ||     6
       Bardiche          |       |       |       |     9 ||     9
 Cast: Magic Dart        |    64 |    67 |   171 |   145 ||   447
       Searing Ray       |     1 |    18 |    69 |    46 ||   134
       Fulminant Prism   |       |       |     2 |    10 ||    12
       Static Discharge  |       |       |       |     7 ||     7
       Swiftness         |       |       |       |     2 ||     2
  Use: Scroll            |       |       |    15 |     4 ||    19
       Potion            |       |       |       |     1 ||     1
Armor: Robe              |     3 |     6 |       |       ||     9
       Leather armour    |       |     2 |    19 |    10 ||    31
       Steam dragon scal |       |       |       |    14 ||    14
Dodge: Dodged            |     3 |    12 |    34 |    35 ||    84

Table legend: (Time is in decaauts)
 A = Elapsed time spent in this place.
 B = Non-inter-level travel time spent in this place.
 C = Inter-level travel time spent in this place.
 D = Time resting spent in this place.
 E = Time spent auto-exploring this place.
 F = Levels seen in this place.
 G = Mean time per level.
                   A        B        C        D        E       F      G
               +--------+--------+--------+--------+--------+-----+--------+
         Total |  14041 |  13575 |    466 |   5288 |   6137 |  12 | 1170.1 |
       Dungeon |  12389 |  11923 |    466 |   4536 |   5759 |  11 | 1126.3 |
        Bailey |   1651 |   1651 |      0 |    752 |    378 |   1 | 1651.0 |
               +--------+--------+--------+--------+--------+-----+--------+

Top non-repeatable levels by time:
     D:4: 1756 daAuts
     D:9: 1693 daAuts
  Bailey: 1651 daAuts
     D:6: 1469 daAuts
     D:2: 1311 daAuts
    D:10: 1212 daAuts
     D:3: 1151 daAuts
     D:5: 1004 daAuts
     D:8: 962 daAuts
     D:7: 893 daAuts
     D:1: 818 daAuts
    D:11: 116 daAuts
